 Dungeon Crawl Stone Soup version 0.28-a0-1117-g0bdd5ba030 (webtiles) character file.

Game seed: 14672199963347860653

57 SensoryNuts the Cutter (level 3, -1/27 HPs)
             Began as a Vampire Gladiator on Dec 11, 2021.
             Succumbed to an adder's poison
             ... on level 2 of the Dungeon.
             The game lasted 00:02:36 (1543 turns).

SensoryNuts the Cutter (Vampire Gladiator)          Turns: 1543, Time: 00:02:36

Health: -1/27      AC:  7    Str: 15    XL:     3   Next: 73%
Magic:  3/3        EV: 10    Int: 10    God:
Gold:   38         SH:  0    Dex: 15    Spells: 2/2 levels left

rFire   . . .      SeeInvis +   h - +1 hand axe (flame)
rCold   . . .      Faith    .   (no shield)
rNeg    . . .      Spirit   .   j - +0 scale mail
rPois   .          Reflect  .   c - +0 helmet
rElec   .          Harm     .   (no cloak)
rCorr   .          Rampage  .   (no gloves)
Will    .....                   (no boots)
Stlth   ..........              (no amulet)
HPRegen 0.29/turn               (no ring)
MPRegen 0.08/turn               (no ring)

@: lethally poisoned (-1 -> -7), healing quickly
A: alive, fangs 3, see invisible, vampiric 2
a: Exsanguinate


You were on level 2 of the Dungeon.
You visited 1 branch of the dungeon, and saw 2 of its levels.

You collected 38 gold pieces.

Inventory:

Hand Weapons
 a - a +0 rapier
 h - a +1 hand axe of flaming (weapon)
Missiles
 d - 3 throwing nets (quivered)
Armour
 b - a +0 leather armour
 c - a +0 helmet (worn)
 j - a +0 scale mail (worn)
Jewellery
 g - a +4 ring of protection
 k - an amulet of faith
Wands
 i - a wand of flame (12)
Scrolls
 e - 2 scrolls of identify {unknown}
 f - 4 scrolls of vulnerability {unknown}


   Skills:
 + Level 2.1 Fighting
 + Level 4.1 Short Blades
 + Level 0.3 Axes
 + Level 1.6 Throwing
 + Level 0.6 Armour
 + Level 3.9 Dodging


You had 2 spell levels left.
You didn't know any spells.
Your spell library contained the following spells:

 Spells                   Type           Power      Damage    Failure   Level
 Animate Skeleton         Necr           0%         N/A       83%         1
 Apportation              Tloc           0%         N/A       83%         1
 Summon Small Mammal      Summ           0%         N/A       83%         1


Dungeon Overview and Level Annotations

Branches:
Dungeon (2/15)

Altars:
Xom

Shops:
D:2 (


Innate Abilities, Weirdness & Mutations

Your natural rate of healing is accelerated.
You have razor-sharp teeth.
You have supernaturally acute eyesight. (SInv)
You are afflicted with vampirism and can become a bat while bloodless.


Message History

You hit the jackal. You burn the jackal. You hit the jackal.
You burn the jackal.
You kill the jackal!
You barely miss the jackal.
You feel sick.
The jackal bites you but does no damage. x2
The adder bites you but does no damage.
The jackal bites you but does no damage.
The jackal bites you. The adder barely misses you.
You miss the adder.
The adder is lightly wounded.
You hit the jackal. You burn the jackal.
You kill the jackal!
You completely miss the jackal.
You feel sick.
The jackal bites you but does no damage.
The adder closely misses you. The jackal closely misses you.
You miss the adder.
The adder is lightly wounded.
You hit the jackal. You burn the jackal.
You kill the jackal!
You feel sick. The adder barely misses you. The adder bites you.
You are more poisoned.
The adder poisons you!
You barely miss the adder.
The adder is lightly wounded.
You feel sick. The adder closely misses you. The adder bites you.
You are lethally poisoned!
The adder poisons you!
You closely miss the adder. Your bite misses the adder.
The adder is lightly wounded.
* * * LOW HITPOINT WARNING * * *
You feel very sick. The adder barely misses you.
You closely miss the adder.
The adder is lightly wounded.
* * * LOW HITPOINT WARNING * * *
You feel sick. The adder closely misses you. The adder bites you.
* * * LOW HITPOINT WARNING * * *
You miss the adder. You bite the adder, but do no damage.
The adder is lightly wounded.
You die...

### ##.######
##.#.S...#.. #
##.##@†...... #
#########.###.†_....#
#
#...........).......#
#
#.#######.##.......##
#### #.#
###.#...#...# ....
#.# #......##....#
.#.# #.# #.###...
..... # #.# #.# ####
...# # #.# #.# #


You could see an adder.

Vanquished Creatures
  A dart slug (D:1)
  2 ball pythons (D:1)
  3 endoplasms
  4 giant cockroaches
  9 goblins (D:1)
  2 hobgoblins (D:1)
  7 jackals
  6 kobolds
  3 quokkas (D:2)
  5 bats
  A frilled lizard (D:1)
  3 rats
46 creatures vanquished.

Notes
Turn   | Place    | Note
-------+----------+-------------------------------------------
     0 | D:1      | SensoryNuts the Vampire Gladiator began the quest for the
                  | Orb.
     0 | D:1      | Reached XP level 1. HP: 16/16 MP: 1/1
   180 | D:1      | Reached XP level 2. HP: 22/22 MP: 2/2
   497 | D:1      | Gained mutation: You are afflicted with vampirism and can
                  | become a bat while bloodless. [Vampire growth]
   497 | D:1      | Reached XP level 3. HP: 27/27 MP: 3/3
   956 | D:1      | Reached skill level 4 in Short Blades
  1332 | D:2      | Found Riqu's Weapon Shoppe.
  1523 | D:2      | Found a shimmering altar of Xom.
  1542 | D:2      | HP: 1/27 [adder (4)]
  1543 | D:2      | Succumbed to an adder's poison

Illustrated notes

Levels and vault maps discovered:
D:1:      dpeg_arrival_ternary, layout_rooms, serial_co_window_serial,
          co_window_paths_b, co_window_of_opportunity_a, co_window_corner_a,
          co_window_paths_a, co_window_of_opportunity_a, co_window_broadway_b,
          co_window_corner_b, co_window_of_opportunity_c, co_window_corner_cb,
          co_window_broadway_b, co_window_4corner_a, co_window_4corner_b,
          glass_columns_a, glass_columns_b, glass_columns_a, glass_columns_a,
          glass_columns_a, serial_park_tiny_1, minmay_tromino_i2
D:2:      layout_loops_ring, basic_altar, serial_shops,
          nicolae_shop_statue_plus, minmay_fractal_squares_gapless_5

Skill      XL: |  1  2  3 |
---------------+----------+-----
Fighting       | 2 |  2.1
Short Blades   | 4 |  4.1
Axes           | |  0.3
Throwing       | |  1.6
Armour         | |  0.6
Dodging        | |  3.9

Action                   || total
-------------------------++-------
Melee: Rapier            ||    89
       Bite              ||     9
       Hand axe          ||    28
Armor: Leather armour    ||    31
       Scale mail        ||    25
Dodge: Dodged            ||    82

Table legend: (Time is in decaauts)
 A = Elapsed time spent in this place.
 B = Non-inter-level travel time spent in this place.
 C = Inter-level travel time spent in this place.
 D = Time resting spent in this place.
 E = Time spent auto-exploring this place.
 F = Levels seen in this place.
 G = Mean time per level.
                   A        B        C        D        E       F      G
               +--------+--------+--------+--------+--------+-----+--------+
         Total |   1551 |   1551 |      0 |      0 |   1115 |   2 |  775.5 |
       Dungeon |   1551 |   1551 |      0 |      0 |   1115 |   2 |  775.5 |
               +--------+--------+--------+--------+--------+-----+--------+

Top non-repeatable levels by time:
     D:1: 1092 daAuts
     D:2: 459 daAuts
